 Dungeon Crawl Stone Soup version 0.20.1-1-g8b1a95d (webtiles) character file.

142156 manyhoops the Stormcaller (level 16, -5/127 HPs)
             Began as a Demigod Air Elementalist on Sept 4, 2017.
             Slain by a black mamba (20 damage)
             ... on level 3 of the Snake Pit.
             The game lasted 01:39:40 (42551 turns).

manyhoops the Stormcaller (DgAE)                   Turns: 42551, Time: 01:39:41

Health: -5/127     AC: 11    Str: 15    XL:     16   Next: 28%
Magic:  0/52       EV: 20    Int: 33    God:
Gold:   375        SH: 10    Dex: 22    Spells: 2/39 levels left

rFire    . . .     SeeInvis +   s - staff of power
rCold    + . .     Gourm    .   V - +0 buckler
rNeg     . . .     Faith    .   d - +5 robe of Night {Dark MR+ SInv}
rPois    +         Spirit   .   b - +2 hat
rElec    +         Reflect  .   h - scarf {repulsion}
rCorr    .         Harm     .   (no gloves)
MR       +++..                  (no boots)
Stlth    +++.......             B - amulet of magic regeneration
Regen    0.4/turn               T - ring of Daowisai {rElec rPois Str+4 Int+4 Stlth+}
MPRegen  0.5/turn               Z - ring of Mowkih {*Contam rElec MR+ Dex+6}

@: repel missiles
A: hooves 1, horns 1, repulsion field 1, large bone plates 1, molten scales 1,
cold resistance 1, high mp 1
a: no special abilities


You were on level 3 of the Snake Pit.
You were not hungry.

You visited 4 branches of the dungeon, and saw 26 of its levels.
You also visited: Labyrinth, Bailey and Ice Cave.

You collected 2727 gold pieces.
You spent 2352 gold pieces at shops.

Inventory:

Hand Weapons
 S - the +5 trident of Gallantry {freeze, rElec rF- rC+++ Str+2}
   (You took it off a gnoll sergeant in a bailey)

   It has been specially enchanted to freeze those struck by it, causing extra
   injury to most foes and up to half again as much damage against particularly
   susceptible opponents.
   It can also slow down cold-blooded creatures.
   It affects your strength (+2).
   It makes you vulnerable to fire.
   It renders you almost immune to cold.
   It insulates you from electricity.
 X - the +9 scimitar of Collusion {speed, +Blink +Fly rN+}
   (You bought it in a shop on level 2 of the Orcish Mines)

   Attacks with this weapon are significantly faster.
   It protects you from negative energy.
   It lets you fly.
   It lets you blink.
Missiles
 P - 3 throwing nets (quivered)
Armour
 b - a +2 hat (worn)
 d - the +5 robe of Night (worn) {Dark MR+ SInv}
   (You bought it in a shop on level 12 of the Dungeon)

   It affects your resistance to hostile enchantments.
   It lets you see invisible.
 h - a scarf of repulsion (worn)
 x - a +2 robe of fire resistance
 M - a +2 robe of cold resistance
 V - a +0 buckler (worn)
Magical Staves
 s - an uncursed staff of power (weapon)
 E - an uncursed staff of cold
Jewellery
 l - an uncursed ring of positive energy
 t - an uncursed ring of protection from cold
 y - the ring of Umowues {rPois SInv}
   (You found it in a labyrinth)

   [ring of poison resistance]

   It protects you from poison.
   It lets you see invisible.
 z - an uncursed ring of wizardry
 B - an amulet of magic regeneration (around neck)
 C - an uncursed ring of ice
 T - the ring of Daowisai (left hand) {rElec rPois Str+4 Int+4 Stlth+}
   (You bought it in a shop on level 2 of the Orcish Mines)

   [ring of intelligence]

   It affects your strength (+4).
   It affects your intelligence (+4).
   It insulates you from electricity.
   It protects you from poison.
   It makes you more stealthy.
 Z - the ring of Mowkih (right hand) {*Contam rElec MR+ Dex+6}
   (You found it in a labyrinth)

   [ring of protection from magic]

   It affects your dexterity (+6).
   It insulates you from electricity.
   It affects your resistance to hostile enchantments.
   It causes magical contamination when unequipped.
Wands
 o - a wand of lightning (8/15)
 v - a wand of iceblast (6/15)
 H - a wand of disintegration (9/24)
 Y - a wand of digging (5/24)
Scrolls
 a - 4 scrolls of enchant armour
 e - 5 scrolls of blinking
 i - 2 scrolls of fear
 m - 15 scrolls of remove curse
 p - 4 scrolls of recharging
 q - 4 scrolls of magic mapping
 w - 5 scrolls of immolation
 A - 7 scrolls of teleportation
 D - 10 scrolls of identify
 J - a scroll of summoning
 L - 3 scrolls of amnesia
 R - 2 scrolls of fog
Potions
 f - 2 potions of cancellation
 g - 2 potions of invisibility
 j - a potion of heal wounds
 k - 2 potions of haste
 n - 4 potions of mutation
 r - 4 potions of curing
 u - 3 potions of brilliance
 I - a potion of berserk rage
 K - 2 potions of resistance
 N - 3 potions of magic
 O - 5 potions of lignification
 W - 3 potions of might
Books
 F - a book of Ice

   Spells                             Type                      Level
   a - Ice Form                       Ice/Transmutation            4
   b - Metabolic Englaciation         Hexes/Ice                    5
   c - Ozocubu's Refrigeration        Ice                          6
   d - Bolt of Cold                   Conjuration/Ice              6
   e - Freezing Cloud                 Conjuration/Ice/Air          6
   f - Simulacrum                     Ice/Necromancy               6
 Q - a book of Frost

   Spells                             Type                      Level
   a - Freeze                         Ice                          1
   b - Throw Frost                    Conjuration/Ice              2
   c - Ozocubu's Armour               Charms/Ice                   3
   d - Throw Icicle                   Conjuration/Ice              4
   e - Summon Ice Beast               Ice/Summoning                4
Miscellaneous
 G - a crystal ball of energy
Comestibles
 c - 24 bread rations
 U - a meat ration


   Skills:
 - Level 7.8 Fighting
 - Level 7.1 Dodging
 - Level 1.7 Stealth
 - Level 4.1 Shields
 - Level 12.4 Spellcasting
 + Level 13.7 Conjurations
 - Level 7.2 Ice Magic
 + Level 15.8 Air Magic


You had 2 spell levels left.
You knew the following spells:

 Your Spells              Type           Power        Failure   Level  Hunger
a - Shock                 Conj/Air       ####         0%          1    None
b - Swiftness             Chrm/Air       ######..     1%          2    None
c - Static Discharge      Conj/Air       #######.     0%          3    None
d - Airstrike             Air            #######...   1%          4    None
e - Lightning Bolt        Conj/Air       #######...   1%          5    None
f - Passwall              Tmut/Erth      ###.......   3%          2    None
g - Blink                 Tloc           N/A          3%          2    None
h - Conjure Flame         Conj/Fire      ######..     1%          3    None
i - Ozocubu's Armour      Chrm/Ice       #####...     1%          3    None
j - Summon Butterflies    Summ           ###.....     2%          1    None
k - Freezing Cloud        Conj/Ice/Air   #######...   2%          6    ####...
l - Silence               Hex/Air        ######....   2%          5    None


Dungeon Overview and Level Annotations

Branches:
Dungeon (15/15)            Temple (0/1) D:5            Lair (6/6) D:9
 Shoals (0/4) Lair:3        Snake (3/4) Lair:4        Slime (0/5) Lair:6
    Orc (2/2) D:11            Elf (0/3) Orc:2        Vaults (0/5) D:14
 Depths (0/5) D:15

Shops:
D:4 (   D:12 [?   D:15 [   Orc:2 =*(?

Annotations:
Snake:3 Mara


Innate Abilities, Weirdness & Mutations

You have an increased reservoir of magic. (+10% MP)
You have large cloven feet.
You have a pair of small horns on your head.
You are surrounded by a mild repulsion field. (EV +2)
You are partially covered in large bone plates. (SH +4)
You are partially covered in molten scales. (AC +2)
Your flesh is cold resistant. (rC+)


Message History

The bolt of fire hits Mara.
Mara resists.
The bolt of fire hits you!
* * * LOW HITPOINT WARNING * * *
Mara blinks!
Casting: Lightning Bolt
Confirm with . or Enter, or press ? or * to list all spells.
Aiming: Lightning Bolt
Press: ? - help, Shift-Dir - straight line, f/p - Mara
Aim: Mara, wielding a demon blade of flaming and wearing a glowing robe (almost dead)
You hear a mighty clap of thunder!
The bolt of lightning misses Mara.
The bolt of lightning hits Mara.
You kill Mara!
You hear a shout!
You hear an angry hiss.
You hear a shout!
You block the black mamba's attack.
Manyhoops's illusion gestures wildly while chanting.
You are struck by lightning.
You resist.
* * * LOW HITPOINT WARNING * * *
The lightning arcs!
The black mamba is struck by lightning.
The lightning arcs!
Mara weaves an illusion.
Mara shimmers and seems to become two!
The black mamba bites you!!
You die...

### ## #.## .# #..#
#.### ##..## ....# .#
#....# ##..... ...#
#....###../...
.....###.....#ยง......
............N.@@......
..............R.S...R..
...............R.......
..........###+####....S.
..#.....>.# .....
..>.......# #...
..........# #........#
#........#


You could see 3 Maras, a black mamba, a naga and manyhoops's illusion.

Vanquished Creatures
  Gastronok (Lair:1)
  Kirke (Lair:3)
  Agnes (Snake:2)
  Frances (D:13)
  2 nagarajas
  Nessos (Lair:4)
  An ettin (Orc:2)
  Snorg (D:14)
  A fire dragon (D:14)
  A minotaur (Lab)
  4 ogre magi
  2 yaktaur captains
  2 naga warriors (Snake:1)
  An ice dragon (Lair:6)
  9 hydras
  2 catoblepae
  3 anacondas
  3 centaur warriors
  16 two-headed ogres
  2 tengu warriors (D:15)
  3 shock serpents (Snake:1)
  5 naga sharpshooters
  4 death yaks
  8 skeletal warriors
  2 deep trolls (Orc:2)
  2 unseen horrors (D:14)
  A naga ritualist (Snake:1)
  A wizard (D:14)
  2 mana vipers
  A wolf spider (Lair:6)
  A deep elf mage (D:15)
  An orc knight (Orc:1)
  An orc sorcerer (Orc:1)
  13 ugly things
  An oklob plant (Lair:6)
  8 cyclopes
  2 salamanders (Snake:1)
  5 manticores
  3 ice statues (IceCv)
  4 centaur zombies
  23 elephants
  8 naga magi
  A merfolk siren (Lair:3)
  16 black mambas
  6 centaur skeletons
  2 gargoyles
  Psyche (D:12)
  10 spiny frogs
  11 komodo dragons
  5 yaktaurs (D:14)
  An efreet (D:15)
  10 trolls
  A minotaur zombie (Lab)
  A rime drake (Lair:2)
  2 hornets
  Grinder (D:5)
  9 polar bears (Lair:6)
  2 raiju (Lair:6)
  4 blink frogs (Lair:2)
  11 hippogriffs
  6 slime creatures
  A meliai zombie (D:12)
  5 dream sheep (Lair:5)
  The ghost of hilaritas the Magician, an amateur DEIE (D:5)
  2 wraiths
  3 wyverns
  A basilisk (Lair:2)
  33 yaks
  4 hogs
  A human (D:7)
  4 hungry ghosts
  Eustachio (D:4)
  A steam dragon (Lair:5)
  6 wargs
  4 vampire mosquitoes
  18 nagas
  An acid dragon (D:15)
  A soldier ant (D:11)
  Duvessa (D:4)
  15 hell hounds (Lair:6)
  12 porcupines
  19 water moccasins
  9 ice beasts
  5 phantoms
  A sky beast (D:7)
  An eye of draining (D:11)
  18 orc warriors
  12 black bears
  9 centaurs
  45 ogres
  21 wolves
  19 crocodiles
  2 big kobolds (D:8)
  22 bullfrogs
  Dowan (D:4)
  8 gnoll sergeants (Bailey)
  A wyvern skeleton (D:14)
  A scorpion (D:4)
  A water moccasin skeleton (D:7)
  9 killer bees (D:9)
  17 wights
  10 howler monkeys
  7 crimson imps
  A quasit (D:10)
  2 bullfrog zombies
  9 hounds
  6 gnoll shamans (Bailey)
  18 orc priests
  39 orc wizards
  Crazy Yiuf (D:6)
  6 bullfrog skeletons
  Terence (D:3)
  4 iguanas
  Natasha (thrice) (D:3)
  10 worker ants
  A hound zombie (D:6)
  3 hound skeletons
  2 worker ant zombies
  13 adders
  24 gnolls
  4 shadow imps
  15 white imps
  2 oozes
  An adder skeleton (D:8)
  3 adder zombies
  3 worms
  A dart slug (D:5)
  5 leopard geckos
  81 orcs
  4 bats
  5 giant cockroaches
  18 goblins
  6 hobgoblins
  8 jackals
  6 quokkas
  A ball python (D:3)
  8 frilled lizards
  24 kobolds
  A leopard gecko skeleton (D:6)
  9 rats
  5 fungi
  4 plants
964 creatures vanquished.

Vanquished Creatures (others)
  A meliai zombie (D:15)
  A centaur simulacrum (D:15)
  A shadow (D:15)
  A human (Lair:4)
  A wyvern (D:15)
  A vampire mosquito (D:15)
  An ogre (Orc:2)
  A crocodile (Lair:4)
  An orc (Orc:1)
  A bush (Lair:4)
  24 fungi
  43 plants
77 creatures vanquished.

Grand Total: 1041 creatures vanquished

Notes
Turn   | Place    | Note
-------+----------+-------------------------------------------
     0 | D:1      | manyhoops the Demigod Air Elementalist began the quest for the Orb.
     0 | D:1      | Reached XP level 1. HP: 14/14 MP: 5/5
    16 | D:1      | Reached skill level 1 in Conjurations
   351 | D:1      | Reached skill level 3 in Air Magic
   397 | D:1      | Reached XP level 2. HP: 20/20 MP: 5/7
  1013 | D:1      | Learned a level 2 spell: Swiftness
  1644 | D:2      | Reached XP level 3. HP: 26/26 MP: 3/8
  2645 | D:3      | Reached XP level 4. HP: 24/33 MP: 2/10
  2928 | D:3      | Noticed Natasha
  2944 | D:3      | Killed Natasha
  3234 | D:3      | Noticed Natasha
  3238 | D:3      | Killed Natasha
  3293 | D:3      | Reached skill level 4 in Air Magic
  3312 | D:3      | Reached XP level 5. HP: 38/38 MP: 2/11
  3371 | D:3      | Noticed Natasha
  3473 | D:3      | Killed Natasha
  3546 | D:3      | Found a glowing golden altar of the Shining One.
  3558 | D:3      | Found a shimmering altar of Xom.
  3563 | D:3      | Found a white marble altar of Elyvilon.
  3614 | D:3      | Noticed Terence
  3621 | D:3      | Killed Terence
  3628 | D:3      | Learned a level 3 spell: Static Discharge
  3803 | D:4      | Noticed Eustachio
  3823 | D:4      | Killed Eustachio
  3823 | D:4      | Reached XP level 6. HP: 12/45 MP: 0/14
  3966 | D:4      | Found Singeab's Antique Weapon Shoppe.
  4192 | D:4      | Noticed Duvessa
  4194 | D:4      | Noticed Dowan
  4224 | D:4      | Killed Duvessa
  4229 | D:4      | Killed Dowan
  4432 | D:4      | Reached XP level 7. HP: 40/50 MP: 6/15
  4555 | D:4      | Reached skill level 5 in Conjurations
  4713 | D:5      | Entered Level 5 of the Dungeon
  4714 | D:5      | Reached skill level 5 in Air Magic
  5249 | D:5      | Found a staircase to the Ecumenical Temple.
  5336 | D:5      | Noticed hilaritas's ghost (amateur DEIE)
  5340 | D:5      | HP: 2/50 [hilaritas's ghost/shard of ice (32)]
  5943 | D:6      | Reached XP level 8. HP: 14/57 MP: 9/18
  6214 | D:6      | Found a runed door.
  6530 | D:6      | Reached skill level 5 in Spellcasting
  6686 | D:6      | Reached skill level 6 in Air Magic
  7001 | D:6      | Noticed Crazy Yiuf
  7006 | D:6      | Killed Crazy Yiuf
  7471 | D:5      | Learned a level 4 spell: Airstrike
  7494 | D:5      | Learned a level 5 spell: Lightning Bolt
  7735 | D:5      | Killed hilaritas's ghost
  7843 | D:5      | Noticed Grinder
  7859 | D:5      | Killed Grinder
  8050 | D:7      | Reached XP level 9. HP: 52/62 MP: 22/22
  8504 | D:7      | Reached skill level 7 in Air Magic
  9453 | D:8      | Reached skill level 8 in Air Magic
  9545 | D:8      | Reached XP level 10. HP: 40/69 MP: 17/25
  9578 | D:8      | Noticed a two-headed ogre
  9586 | D:8      | Killed a two-headed ogre
 10166 | D:8      | Reached skill level 9 in Air Magic
 10411 | D:8      | Learned a level 2 spell: Passwall
 10503 | D:8      | Noticed a two-headed ogre
 10511 | D:8      | Killed a two-headed ogre
 11076 | D:9      | Found a snail-covered altar of Cheibriados.
 11649 | D:9      | Found a staircase to the Lair.
 12026 | D:9      | Found a radiant altar of Vehumet.
 12026 | D:9      | Found a deep blue altar of Sif Muna.
 12031 | D:9      | Found a hazy altar of Hepliaklqana.
 12058 | D:9      | Found a sacrificial altar of Ru.
 12063 | D:9      | Found a blossoming altar of Fedhas.
 12228 | D:9      | Gained mutation: You have a pair of small horns on your head. [potion of mutation]
 12228 | D:9      | Gained mutation: Your flesh is cold resistant. (rC+) [potion of mutation]
 12228 | D:9      | Gained mutation: You evolve. [potion of mutation]
 12228 | D:9      | Gained mutation: You are surrounded by a mild repulsion field. (EV +2) [potion of mutation]
 12230 | D:10     | Entered Level 10 of the Dungeon
 13024 | D:10     | Reached skill level 10 in Air Magic
 13026 | D:10     | Reached XP level 11. HP: 74/74 MP: 28/28
 13254 | D:11     | Learned a level 2 spell: Blink
 13258 | D:11     | Learned a level 3 spell: Conjure Flame
 13262 | D:11     | Learned a level 3 spell: Mephitic Cloud
 13286 | D:11     | Found a flagged portal.
 13305 | Bailey   | Entered a bailey
 13945 | Bailey   | Got an ancient trident {freeze}
 13946 | Bailey   | Identified the +5 trident of Gallantry {freeze, rElec rF- rC+++ Str+2} (You took it off a gnoll sergeant in a bailey)
 14320 | Bailey   | Gained mutation: You are partially covered in large bone plates. (SH +4) [evolution]
 14531 | D:11     | Noticed an eight-headed hydra
 14534 | D:11     | Killed an eight-headed hydra
 14537 | D:11     | Noticed an eight-headed hydra
 14761 | Lair:1   | Entered Level 1 of the Lair of Beasts
 14948 | Lair:1   | Noticed Gastronok
 14993 | Lair:1   | Killed Gastronok
 14993 | Lair:1   | Reached skill level 10 in Conjurations
 14993 | Lair:1   | Reached skill level 11 in Air Magic
 15211 | Lair:1   | Found an ancient bone altar of Kikubaaqudgha.
 15368 | Lair:1   | Noticed a seven-headed hydra
 15371 | Lair:1   | Killed a seven-headed hydra
 15512 | Lair:1   | Reached skill level 1 in Fighting
 15724 | Lair:1   | Gained mutation: You have large cloven feet. [evolution]
 17156 | Lair:2   | Reached skill level 5 in Fighting
 17172 | Lair:2   | Reached XP level 12. HP: 88/94 MP: 4/30
 17946 | Lair:3   | Found a staircase to the Shoals.
 18354 | Lair:3   | Noticed a four-headed hydra
 18361 | Lair:3   | Killed a four-headed hydra
 18361 | Lair:3   | Reached skill level 10 in Spellcasting
 19608 | Lair:4   | Found a frozen archway.
 19645 | IceCv    | Entered an ice cave
 21189 | Lair:4   | Reached XP level 13. HP: 97/107 MP: 33/33
 21202 | Lair:4   | Noticed Nessos
 22621 | Lair:4   | Found a staircase to the Snake Pit.
 22634 | Lair:4   | Killed Nessos
 22656 | Lair:4   | Noticed Kirke
 22849 | Lair:4   | Noticed a sphinx
 22919 | Lair:3   | Killed Kirke
 22919 | Lair:3   | Reached skill level 12 in Air Magic
 23456 | Lair:5   | Found a labyrinth entrance.
 23468 | Lab      | Entered a labyrinth
 23691 | Lab      | Identified Fodiap's Reference Book on the Assistive Escort
 23692 | Lab      | Got a twitching golden ring
 23693 | Lab      | Identified the ring of Mowkih {*Contam rElec MR+ Dex+6} (You found it in a labyrinth)
 23696 | Lab      | Identified the ring of Umowues {rPois SInv} (You found it in a labyrinth)
 23706 | Lab      | Got a polished chain mail
 24285 | Lair:5   | Gained mutation: You are partially covered in molten scales. (AC +2) [evolution]
 24645 | Lair:5   | Identified the cursed +0 chain mail "Loreleq" {rPois} (You found it in a labyrinth)
 25003 | Lair:6   | Entered Level 6 of the Lair of Beasts
 26078 | Lair:5   | Lost mutation: You evolve. [evolution]
 26210 | Lair:6   | Found a viscous altar of Jiyva.
 26210 | Lair:6   | Found a staircase to the Slime Pits.
 26310 | Lair:6   | Reached skill level 13 in Air Magic
 26951 | Lair:6   | Reached XP level 14. HP: 104/114 MP: 16/35
 27661 | Lair:6   | HP: 1/114 [hell hound/blast of flame (20)]
 29080 | Lair:6   | Learned a level 1 spell: Summon Butterflies
 29087 | Lair:6   | Learned a level 6 spell: Freezing Cloud
 29283 | D:11     | Found a staircase to the Orcish Mines.
 29311 | D:11     | Reached skill level 1 in Ice Magic
 30302 | D:12     | Noticed Psyche
 30303 | D:12     | Killed Psyche
 30908 | D:12     | Found Itiamp's Magic Scroll Shoppe.
 30916 | D:12     | Reached skill level 5 in Ice Magic
 30985 | D:12     | Bought a scroll of identify for 30 gold pieces
 30985 | D:12     | Bought a scroll of blinking for 112 gold pieces
 30985 | D:12     | Bought a scroll of teleportation for 45 gold pieces
 30985 | D:12     | Bought a scroll of blinking for 112 gold pieces
 30985 | D:12     | Bought a scroll of identify for 30 gold pieces
 31121 | D:12     | Reached skill level 1 in Shields
 31185 | D:12     | Found Nyffejipn's Armour Shop.
 31193 | D:12     | Bought the +5 robe of Night {Dark MR+ SInv} for 780 gold pieces
 31636 | D:13     | Noticed Frances
 31647 | D:13     | Killed Frances
 31813 | D:13     | Found a snail-covered altar of Cheibriados.
 32957 | D:14     | Noticed Snorg
 32975 | D:14     | Killed Snorg
 33363 | D:14     | Reached XP level 15. HP: 120/121 MP: 21/36
 33694 | D:14     | Found a gate to the Vaults.
 34117 | D:15     | Entered Level 15 of the Dungeon
 34121 | D:15     | Reached skill level 5 in Dodging
 34572 | D:15     | Found Sucrapta's Antique Armour Shop.
 35653 | D:15     | Found a staircase to the Depths.
 35695 | D:15     | Reached skill level 14 in Air Magic
 36437 | Orc:1    | Entered Level 1 of the Orcish Mines
 37255 | Orc:2    | Entered Level 2 of the Orcish Mines
 38037 | Orc:2    | Found Apsestabb's Magic Scroll Emporium.
 38834 | Orc:2    | Found Texzi's General Store.
 38839 | Orc:2    | Bought a scroll of teleportation for 42 gold pieces
 38839 | Orc:2    | Bought a scroll of fear for 49 gold pieces
 38839 | Orc:2    | Bought a scroll of enchant armour for 105 gold pieces
 38839 | Orc:2    | Bought a scroll of teleportation for 42 gold pieces
 38946 | Orc:2    | Found a staircase to the Elven Halls.
 39037 | Orc:2    | Found Asuinoah's Antique Weapon Shop.
 39038 | Orc:2    | Found Jepsuwet's Jewellery Boutique.
 39062 | Orc:2    | Bought the ring of Daowisai {rElec rPois Str+4 Int+4 Stlth+} for 789 gold pieces
 39069 | Orc:2    | Bought a shimmering scimitar for 216 gold pieces
 39069 | Orc:2    | Identified the +9 scimitar of Collusion {speed, +Blink +Fly rN+} (You bought it in a shop on level 2 of the Orcish Mines)
 39404 | Snake:1  | Entered Level 1 of the Snake Pit
 39566 | Snake:1  | Reached skill level 15 in Air Magic
 39997 | Snake:1  | Reached XP level 16. HP: 116/127 MP: 31/37
 40171 | Snake:1  | Learned a level 5 spell: Silence
 41571 | Snake:2  | Noticed Agnes
 41653 | Snake:2  | Killed Agnes
 42512 | Snake:2  | Learned a level 3 spell: Ozocubu's Armour
 42536 | Snake:3  | Noticed Mara
 42539 | Snake:3  | Noticed manyhoops's illusion
 42551 | Snake:3  | Slain by a black mamba

Skill      XL: |  1  2  3  4  5  6  7  8  9 10 11 12 13 14 15 |
---------------+----------------------------------------------+-----
Conjurations   | 1 2 3 4 5 6 8 9 10 11 12 13 | 13.7
Air Magic      | 3 4 5 6 8 10 11 13 15 | 15.8
Spellcasting   | 2 3 4 6 7 8 9 11 12 | 12.4
Fighting       | 5 7 |  7.8
Ice Magic      | 7 |  7.2
Shields        | 4 |  4.1
Dodging        | 3 7 |  7.1
Stealth        | |  1.7

Action                   |  1- 3 |  4- 6 |  7- 9 | 10-12 | 13-15 | 16-18 || total
-------------------------+-------+-------+-------+-------+-------+-------++-------
Melee: Unarmed           |     7 |       |       |       |       |       ||     7
       Club              |    62 |       |       |       |       |       ||    62
       Dagger            |       |    53 |    18 |     3 |       |       ||    74
       Staff             |       |       |       |     6 |    17 |       ||    23
       Kick              |       |       |       |     3 |     7 |       ||    10
       Headbutt          |       |       |       |     3 |     7 |       ||    10
       Trident           |       |       |       |       |     1 |       ||     1
 Cast: Shock             |    92 |    93 |   299 |   475 |   250 |       ||  1209
       Static Discharge  |       |     2 |    34 |   188 |   307 |     5 ||   536
       Airstrike         |       |       |    21 |    83 |   165 |    11 ||   280
       Lightning Bolt    |       |       |     2 |    86 |   409 |    89 ||   586
       Conjure Flame     |       |       |       |    12 |     9 |     1 ||    22
       Blink             |       |       |       |     1 |       |       ||     1
       Swiftness         |       |       |       |     2 |     1 |       ||     3
       Mephitic Cloud    |       |       |       |       |     1 |       ||     1
       Freezing Cloud    |       |       |       |       |     4 |       ||     4
       Ozocubu's Armour  |       |       |       |       |       |     1 ||     1
  Use: Potion            |       |     8 |     1 |     4 |     6 |       ||    19
       Scroll            |       |     7 |     5 |    22 |    12 |     3 ||    49
 Stab: Sleeping          |     4 |       |     1 |       |       |       ||     5
  Eat: Chunk             |     6 |     5 |    13 |    36 |    54 |       ||   114
       Meat ration       |       |     1 |       |       |     1 |     1 ||     3
       Fruit             |       |       |       |     8 |    10 |       ||    18
       Royal jelly       |       |       |       |     4 |     3 |       ||     7
       Bread ration      |       |       |       |       |     2 |       ||     2
Armor: Robe              |    24 |    13 |    14 |    64 |   137 |     9 ||   261
       Skin              |       |     3 |       |       |       |       ||     3
Dodge: Dodged            |    72 |    67 |    72 |   189 |   361 |    19 ||   780
       Deflected         |       |       |       |       |       |     6 ||     6
Block: Other             |       |       |       |    31 |    37 |       ||    68
       Buckler           |       |       |       |       |   105 |    16 ||   121
